 Dungeon Crawl Stone Soup version 0.28-a0-843-gb979743d38 (webtiles) character file.

Game seed: 2029877728128855368

1071 Nixze the Thaumaturge (level 8, -2/45 HPs)
             Began as a Deep Elf Air Elementalist on Nov 12, 2021.
             Slain by Duvessa (3 damage)
             ... on level 5 of the Dungeon.
             The game lasted 00:11:32 (5383 turns).

Nixze the Thaumaturge (Deep Elf Air Elementalist)   Turns: 5383, Time: 00:11:33

Health: -2/45      AC:  3    Str:  5    XL:     8   Next: 7%
Magic:  13/22      EV: 14    Int: 29    God:
Gold:   342        SH:  0    Dex: 15    Spells: 13/23 levels left

rFire   . . .      SeeInvis .   p - +1 dagger (freeze)
rCold   . . .      Faith    .   (no shield)
rNeg    . . .      Spirit   .   a - +0 robe
rPois   +          Reflect  .   (no helmet)
rElec   +          Harm     .   (no cloak)
rCorr   .          Rampage  .   (no gloves)
Will    .....                   g - +0 pair of boots of Ashenzari's Pride {rElec}
Stlth   ++........              s - amulet of magic regeneration
HPRegen 0.15/turn               q - ring of poison resistance
MPRegen 0.43/turn               t - +6 ring of intelligence

@: swift (expiring), quick
A: no striking features
a: no special abilities


You were on level 5 of the Dungeon.
You visited 1 branch of the dungeon, and saw 5 of its levels.
You also visited: Sewer.

You collected 342 gold pieces.

Inventory:

Hand Weapons
 p - a +1 dagger of freezing (weapon)
Missiles
 f - 5 javelins
 o - 21 poisoned darts
Armour
 a - a +0 robe (worn)
 g - the +0 pair of boots of Ashenzari's Pride (worn) {rElec}
   (You acquired it on level 4 of the Dungeon)

   rElec:     It insulates you from electricity.
Jewellery
 c - a ring of fire
 q - a ring of poison resistance (left hand)
 s - an amulet of magic regeneration (around neck)
 t - a +6 ring of intelligence (right hand)
Wands
 n - a wand of polymorph (9)
 x - a wand of flame (12)
Scrolls
 b - 2 scrolls of identify
 e - a scroll of vulnerability {unknown}
 h - a scroll of fog
 u - a scroll of teleportation
 v - a scroll of enchant armour {unknown}
Potions
 d - a potion of curing
 i - a potion of berserk rage
 j - 2 potions of haste {unknown}
 k - 2 potions of might
 l - a potion of cancellation {unknown}
 m - 2 potions of flight {unknown}
 r - 2 potions of heal wounds {unknown}
 w - a potion of mutation {unknown}


   Skills:
 + Level 2.6 Fighting
 + Level 4.8 Dodging
 - Level 2.4 Stealth
 + Level 8.4 Spellcasting
 - Level 1.1 Conjurations
 + Level 6.1 Air Magic


You had 13 spell levels left.
You knew the following spells:

 Your Spells              Type           Power      Damage    Failure   Level
a - Shock                 Conj/Air       100%       1d9       1%          1
b - Static Discharge      Conj/Air       33%        N/A       1%          2
c - Swiftness             Air            47%        N/A       1%          3
d - Airstrike             Air            23%        N/A       3%          4

Your spell library contained the following spells:

 Spells                   Type           Power      Damage    Failure   Level


Dungeon Overview and Level Annotations

Branches:
Dungeon (5/15)              Sewer (visited)
 Temple: D:4-7

Altars:
Trog
Uskayaw

Shops:
D:3 (

Annotations:
D:5 Duvessa


Message History

Okay, then.
Okay, then.
Okay, then.
Unknown command.
Unknown command.
Casting: Airstrike (dangerous; 3% risk of failure)
Confirm with . or Enter, or press ? or * to list all spells.
You feel quick.
Duvessa hits you with a +3 vampiric short sword!
Duvessa draws strength from your wounds!
Duvessa closely misses you.
Casting: Swiftness (safe; 1% risk of failure)
Confirm with . or Enter, or press ? or * to list all spells.
Aiming: Airstrike (dangerous; 3% risk of failure)
Press: ? - help, Dir - move target, f/p - Duvessa
Aim: Duvessa, wielding a +3 vampiric short sword and wearing a +0 ring mail (lightly wounded, berserk, empty space bonus: 7/8)
The air twists around and strikes Duvessa!
Duvessa is heavily wounded.
Duvessa hits you with a +3 vampiric short sword!!
Duvessa draws strength from your wounds!
Duvessa hits you with a +3 vampiric short sword!
* * * LOW HITPOINT WARNING * * *
Duvessa draws strength from your wounds!
You feel better. Duvessa barely misses you. Duvessa closely misses you.
Duvessa rages.
You start to feel a little slower.
Duvessa closely misses you.
Casting: Airstrike (dangerous; 3% risk of failure)
Confirm with . or Enter, or press ? or * to list all spells.
Aiming: Airstrike (dangerous; 3% risk of failure)
Press: ? - help, Dir - move target, f/p - Duvessa
Aim: Duvessa, wielding a +3 vampiric short sword and wearing a +0 ring mail (moderately wounded, berserk, empty space bonus: 7/8)
The air twists around and strikes Duvessa!
Duvessa is heavily wounded.
Duvessa hits you with a +3 vampiric short sword!
* * * LOW HITPOINT WARNING * * *
Duvessa draws strength from your wounds!
Duvessa hits you with a +3 vampiric short sword.
You die...

........#### ...#> #.
#......# .... .#..
#.#.##.# #...#
....##.#.##.# #...###
##.#.....##.# #........
.........##.#####...###..
#.
.#.......#...............
#. #.
...#.#........../........
#. #. .#
#.##.##......@.........
.##.
#....#########e..###...
.).. ####.# #.........
#... #.####.# #)..#####
#.## #......# #...#
###<## #######.# #...#
#..... ....###.#####
#...# #.#.#.
###.#.......# #...#
##.#.#.
...<#.#...#.######.##
##......


You could see Duvessa (berserk).

Vanquished Creatures
  Eustachio (D:5)
  A water moccasin (Sewer)
  A sky beast (D:5)
  An ogre (D:4)
  2 phantoms
  2 scorpions (D:4)
  A water moccasin zombie (D:3)
  A water moccasin skeleton (D:3)
  Dowan (D:5)
  A bullfrog zombie (D:5)
  A jelly (D:4)
  2 orc wizards
  3 adders
  An adder skeleton (D:4)
  4 dart slugs
  6 orcs
  5 ball pythons
  3 endoplasms
  4 giant cockroaches
  3 goblins
  7 hobgoblins
  5 jackals
  6 quokkas
  12 bats
  4 frilled lizards
  8 kobolds
  2 rats (D:1)
88 creatures vanquished.

Vanquished Creatures (others)
  6 plants
6 creatures vanquished.

Grand Total: 94 creatures vanquished

Notes
Turn   | Place    | Note
-------+----------+-------------------------------------------
     0 | D:1      | Nixze the Deep Elf Air Elementalist began the quest for the
                  | Orb.
     0 | D:1      | Reached XP level 1. HP: 10/10 MP: 6/6
   424 | D:1      | Reached XP level 2. HP: 15/15 MP: 6/8
   835 | D:1      | Found a faded altar of an unknown god.
  1219 | D:2      | Reached XP level 3. HP: 17/19 MP: 0/10
  1659 | D:2      | Reached skill level 4 in Spellcasting
  2218 | D:3      | Reached XP level 4. HP: 17/24 MP: 0/12
  2427 | D:3      | Reached skill level 5 in Spellcasting
  2427 | D:3      | Reached skill level 5 in Air Magic
  2427 | D:3      | Reached XP level 5. HP: 12/28 MP: 5/14
  2687 | D:3      | Found Foiguas's Antique Weapon Emporium.
  2691 | D:3      | Learned a level 2 spell: Static Discharge
  2695 | D:3      | Learned a level 3 spell: Swiftness
  2700 | D:3      | Learned a level 4 spell: Airstrike
  3542 | D:4      | Identified a scroll of acquirement
  3542 | D:4      | Acquired the +0 pair of boots of Ashenzari's Pride {rElec}
  3635 | D:4      | Reached skill level 6 in Spellcasting
  3982 | D:4      | Found a glowing drain.
  3994 | Sewer    | Entered a sewer
  4102 | Sewer    | Noticed a water moccasin
  4131 | Sewer    | Killed a water moccasin
  4132 | Sewer    | Reached skill level 7 in Spellcasting
  4132 | Sewer    | Reached XP level 6. HP: 33/33 MP: 9/18
  4299 | D:4      | Found a hide-covered altar of Uskayaw.
  4461 | D:4      | Reached skill level 1 in Fighting
  4461 | D:4      | Reached XP level 7. HP: 38/38 MP: 6/19
  4925 | D:5      | Entered Level 5 of the Dungeon
  5093 | D:5      | Found a bloodstained altar of Trog.
  5098 | D:5      | Noticed Eustachio
  5104 | D:5      | Killed Eustachio
  5105 | D:5      | Reached skill level 8 in Spellcasting
  5323 | D:5      | Reached XP level 8. HP: 45/45 MP: 13/22
  5342 | D:5      | Noticed Dowan
  5343 | D:5      | Noticed Duvessa
  5344 | D:5      | Killed Dowan
  5379 | D:5      | HP: 1/45 [Duvessa (11)]
  5383 | D:5      | Slain by Duvessa

Illustrated notes

Levels and vault maps discovered:
D:1:      sevenhm_arrival_forest_fort_small_5, layout_loops_ring,
          shapermc_ecumenical_altar_mp_highgroup, minmay_stone_trees_large,
          serial_bayou_pond_b, chequers_big_river
D:2:      layout_loops_ring, serial_bayou, serial_bayou_shore_a,
          serial_bayou_lake_a, serial_bayou_pond_e, serial_bayou_shore_b,
          minmay_misc_feat_rows, minmay_misc_feat_pillars, grunt_ministairs_14,
          minmay_pentomino_pile
D:3:      layout_basic, serial_shops, nicolae_shop_window_shopping,
          kennysheep_decorative_pillar
D:4:      layout_loops_ring, mainiacjoe_overflow_paths, portal_sewer_entry_f
D:5:      layout_loops_cross, amcnicky_altar_gilded, uniq_duvessa,
          uniq_eustachio, uniq_ijyb

Skill      XL: |  1  2  3  4  5  6  7 |
---------------+----------------------+-----
Air Magic      | 4 5 6 |  6.1
Spellcasting   | 4 5 7 8 |  8.4
Dodging        | 3 4 |  4.8
Fighting       | 1 2 |  2.6
Stealth        | |  2.4
Conjurations   | |  1.1

Action                   |  1- 3 |  4- 6 |  7- 9 || total
-------------------------+-------+-------+-------++-------
Melee: Whip              |    14 |     1 |       ||    15
 Cast: Shock             |    82 |    82 |    16 ||   180
       Static Discharge  |       |     5 |     5 ||    10
       Airstrike         |       |     4 |    15 ||    19
       Swiftness         |       |     1 |     1 ||     2
  Use: Scroll            |       |    10 |       ||    10
       Potion            |       |       |     1 ||     1
Armor: Robe              |     1 |     2 |     2 ||     5
Dodge: Dodged            |    23 |    19 |     5 ||    47

Table legend: (Time is in decaauts)
 A = Elapsed time spent in this place.
 B = Non-inter-level travel time spent in this place.
 C = Inter-level travel time spent in this place.
 D = Time resting spent in this place.
 E = Time spent auto-exploring this place.
 F = Levels seen in this place.
 G = Mean time per level.
                   A        B        C        D        E       F      G
               +--------+--------+--------+--------+--------+-----+--------+
         Total |   5442 |   5255 |    187 |    962 |   3615 |   6 |  907.0 |
       Dungeon |   5236 |   5049 |    187 |    872 |   3544 |   5 | 1047.2 |
         Sewer |    206 |    206 |      0 |     90 |     71 |   1 |  206.0 |
               +--------+--------+--------+--------+--------+-----+--------+

Top non-repeatable levels by time:
     D:3: 1616 daAuts
     D:2: 1150 daAuts
     D:1: 1089 daAuts
     D:4: 979 daAuts
     D:5: 400 daAuts
   Sewer: 206 daAuts
